Map: Acropolis EC

Players

IA (très facile)

  • Race: Protoss Protoss
  • Spawn Location: 11:00

VelocyPastor - Winner!

  • Race: Protoss Protoss
  • Spawn Location: 5:00

VOD

Have the link to the VOD?

Description

Time

  • Played on: Oct. 2, 2020, 12:26 p.m.
  • Length: 10:43
Show
View Real Time Build Order
Export as new Build Order

IA (très facile) Protoss 

Build Orders:  

Get SALT Encoding   

  12  0:00  Probe  
  13  0:13  Probe  
  14  0:19  Pylon  
  14  0:37  Assimilator  
  14  0:43  Gateway  
  14  0:45  Pylon  
  14  1:14  Assimilator  
  14  1:23  Probe  
  14  1:30  Zealot  
  14  1:31  Probe  
  17  1:33  Cybernetics Core  
  18  1:40  Probe  
  19  1:50  Probe  
  20  1:59  Warp Gate  
  20  2:00  Probe  
  20  2:08  Probe  
  22  2:47  Stalker  
  24  7:07  Probe  
  24  7:25  Probe  
  25  7:30  Adept  
  25  7:32  Pylon  
  25  7:33  Robotics Facility, Probe  
  27  7:37  Nexus  
  27  7:42  Probe  
  24  7:50  Probe  
  24  7:58  Probe  
  26  8:08  Pylon  
  26  8:09  Probe  
  24  8:21  Probe  
  24  8:24  Pylon  
  28  8:34  Probe  
  17  8:44  Nexus  
    9:58  Probe  
  1  10:10  Probe  
Show
View Real Time Build Order
Export as new Build Order

VelocyPastor Protoss - Winner!

Build Orders: 1 Gate Expand 

Get SALT Encoding   

  12  0:02  Probe  
  13  0:14  Probe  
  14  0:21  Pylon  
  14  0:26  Probe (Chrono Boost)  
  15  0:38  Probe (Chrono Boost)  
  16  0:44  Gateway  
  16  0:49  Probe, Assimilator  
  17  1:01  Probe  
  18  1:13  Probe  
  19  1:25  Nexus  
  19  1:33  Pylon  
  19  1:37  Probe (Chrono Boost)  
  20  1:45  Assimilator  
  21  1:47  Probe (Chrono Boost)  
  21  1:50  Assimilator  
  21  1:55  Probe  
  22  2:08  Cybernetics Core  
  22  2:13  Probe (Chrono Boost)  
  22  2:14  Assimilator  
  23  2:24  Probe (Chrono Boost)  
  23  2:29  Probe (Chrono Boost)  
  25  2:38  Probe (Chrono Boost)  
  27  2:45  Probe (Chrono Boost)  
  27  2:49  Probe (Chrono Boost)  
  27  2:51  Stalker  
  30  2:52  Warp Gate  
  30  2:53  Probe x2 (Chrono Boost)  
  32  3:04  Probe x2  
  34  3:11  Pylon  
  34  3:17  Probe (Chrono Boost)  
  34  3:19  Probe (Chrono Boost)  
  36  3:26  Stalker  
  39  3:29  Probe (Chrono Boost)  
  39  3:32  Probe (Chrono Boost)  
  40  3:38  Twilight Council  
  40  3:39  Robotics Facility  
  40  3:42  Robotics Facility  
  40  3:47  Probe (Chrono Boost)  
  42  3:52  Probe (Chrono Boost)  
  42  3:57  Probe (Chrono Boost)  
  42  4:01  Probe (Chrono Boost)  
  44  4:05  Pylon  
  44  4:09  Probe  
  45  4:11  Probe  
  45  4:14  Blink  
  46  4:18  Forge  
  46  4:25  Probe  
  46  4:26  Probe  
  46  4:30  Robotics Bay  
  48  4:34  Observer  
  49  4:44  Stalker  
  51  4:49  Probe (Chrono Boost)  
  51  4:50  Probe (Chrono Boost)  
  53  4:56  Protoss Ground Weapons Level 1  
  53  5:08  Gateway  
  53  5:11  Gateway  
  53  5:14  Gateway  
  53  5:16  Disruptor (Chrono Boost)  
  59  5:24  Disruptor (Chrono Boost)  
  59  5:25  Pylon  
  59  5:31  Pylon  
  59  5:35  Stalker  
  61  5:43  Disruptor (Chrono Boost)  
  61  5:46  Observer, Probe x2  
  66  5:52  Disruptor  
  69  6:23  Gateway  
  69  6:25  Gateway  
  69  6:27  Gateway  
  69  6:37  Pylon  
  69  6:43  Stalker  
  69  6:44  Stalker x3  
  77  6:56  Nexus  
  77  7:00  Pylon  
  77  7:02  Pylon  
  77  7:05  Pylon  
  77  7:09  Assimilator  
  77  7:11  Assimilator  
  77  7:17  Pylon  
  77  7:18  Pylon  
  77  7:19  Protoss Ground Weapons Level 2  
  81  7:22  Immortal  
  81  7:23  Pylon, Immortal  
  81  7:26  Pylon  
  81  7:27  Stalker  
  81  7:28  Stalker x5  
  97  7:51  Stalker  
  97  7:52  Stalker x4  
  107  8:08  Stalker x2  
  111  8:47  Stalker x2  
  111  8:48  Stalker x5  
  125  9:48  Stalker  
  125  9:49  Stalker x6  
Tags
 
Matchup
PvP
Spawn Locations
Cross Positions
Add a new tag
Caveats
  • Supply blocks, unpowered buildings, or Contaminate may cause inaccurate times.
  • Supply counts are checked every 10 seconds.